 Dungeon Crawl Stone Soup version 0.30.1-11-g7821555f0a (webtiles) character file.

Game seed: 9297728080787768279

1220 SacredBeard the Destroyer (level 8, -2/41 HPs)
             Began as a Tengu Air Elementalist on Nov 27, 2023.
             Slain by a killer bee (6 damage)
             ... on level 7 of the Dungeon.
             The game lasted 00:14:04 (7665 turns).

SacredBeard the Destroyer (Tengu Air Elementalist)  Turns: 7665, Time: 00:14:06

Health: -2/41      AC:  3    Str:  9    XL:     8   Next: 47%
Magic:  0/16       EV: 14    Int: 18    God:
Gold:   369        SH:  3    Dex: 14    Spells: 11/17 levels left

rFire   . . .        m - +1 dagger (protect)
rCold   . . .        x - +0 buckler
rNeg    . . .        a - +0 robe
rPois   .            (helmet restricted)
rElec   .            (no cloak)
rCorr   .            o - +0 pair of gloves
SInv    .            (boots unavailable)
Will    .....        y - amulet of the acrobat
Stlth   ++           (no ring)
HPRegen 0.26/turn    (no ring)
MPRegen 0.15/turn

%: acrobat
@: flying quickly and evasively, quick
A: beak, talons 3, nimble flight
a: no special abilities


You were on level 7 of the Dungeon.
You visited 1 branch of the dungeon, and saw 7 of its levels.

You collected 369 gold pieces.

Inventory:

Hand Weapons
 m - a +1 dagger of protection (weapon)
 q - a +0 short sword of speed
Missiles
 r - 5 curare-tipped darts
Armour
 a - a +0 robe (worn)
 o - a +0 pair of gloves (worn)
 x - a +0 buckler (worn)
Jewellery
 y - an amulet of the acrobat (around neck)
 F - an amulet of regeneration
Wands
 j - a wand of flame (15)
 B - a wand of charming (7)
 D - a wand of digging (6)
Scrolls
 c - a scroll of poison {unknown}
 d - a scroll of amnesia {unknown}
 f - 3 scrolls of vulnerability {unknown}
 i - 2 scrolls of fog {unknown}
 s - a scroll of brand weapon {unknown}
 t - 2 scrolls of blinking {unknown}
 u - a scroll of immolation {unknown}
 w - a scroll of torment {unknown}
 z - 3 scrolls of teleportation {unknown}
 A - a scroll of silence {unknown}
 C - a scroll of magic mapping {unknown}
 G - a scroll of enchant weapon {unknown}
Potions
 b - a potion of magic
 e - a potion of flight {unknown}
 g - a potion of cancellation {unknown}
 h - 5 potions of degeneration
 k - 2 potions of brilliance
 l - 2 potions of attraction
 n - 3 potions of berserk rage
 p - 3 potions of curing
 v - 3 potions of mutation
 E - a potion of haste {unknown}


   Skills:
 - Level 2.1 Dodging
 - Level 2.0 Stealth
 - Level 5.0 Spellcasting
 - Level 9.0 Conjurations
 + Level 7.8 Air Magic


You had 11 spell levels left.
You knew the following spells:

 Your Spells              Type           Power      Damage    Failure   Level
a - Shock                 Conj/Air       100%       1d9       1%          1
b - Static Discharge      Conj/Air       68%        2-5/arc   1%          2
c - Swiftness             Air            32%        N/A       2%          3

Your spell library contained the following spells:

 Spells                   Type           Power      Damage    Failure   Level
 Airstrike                Air            16%        2d(3-19)  9%          4
 Dazzling Flash           Conj/Hex       40%        N/A       10%         3
 Beastly Appendage        Tmut           8%         N/A       21%         1
 Wereblood                Tmut           4%         N/A       30%         2
 Iskenderun's Mystic Bla  Conj/Tloc      20%        2d6       32%         4
 Spider Form              Tmut/Pois      4%         N/A       52%         3
 Volatile Blastmotes      Fire/Tloc      8%         2d10      52%         3
 Starburst                Conj/Fire      10%        6d5       99%         6


Dungeon Overview and Level Annotations

Branches:
Dungeon (7/15) Zot: 26702
 Temple: D:4-7

Altars:
Cheibriados
Dithmenos
Makhleb
Okawaru
Ru
Sif Muna
Wu Jian
Yredelemnul
Zin

Shops:
D:1 :

Annotations:
D:6 Edmund


Innate Abilities, Weirdness & Mutations

You have a beak for a mouth.
You have claws for feet.
Your magical nature lets you fly swiftly and evasively.


Message History

Okay, then.
The steam dragon hisses angrily.
The gnoll closely misses you. The steam dragon breathes steam at you.
The ball of steam hits you! The gnoll hits you with a +0 spear!
* * * LOW HITPOINT WARNING * * *
The gnoll barely misses you. The gnoll barely misses you.
The gnoll throws a stone.
The stone misses you.
Okay, then.
Casting: Shock (safe; 1% risk of failure)
Confirm with . or Enter, or press ? or * to list all spells.
Aiming: Shock (safe; 1% risk of failure)
Press: ? - help, Shift-Dir - straight line, f/p - gnoll
Aim: a gnoll, wielding a +0 spear and quivering stones (severely wounded, 77% to hit)
The zap misses the gnoll.
The killer bee buzzes angrily.
Casting: Shock (safe; 1% risk of failure)
Confirm with . or Enter, or press ? or * to list all spells.
Aiming: Shock (safe; 1% risk of failure)
Press: ? - help, Shift-Dir - straight line, f/p - gnoll
Aim: a gnoll, wielding a +0 spear and quivering stones (severely wounded, 77% to hit)
The zap hits the gnoll.
You kill the gnoll!
Okay, then.
Okay, then.
You miss the killer bee. Your kick misses the killer bee.
Your peck misses the killer bee. The killer bee closely misses you. x2
You barely miss the killer bee. Your kick misses the killer bee.
Your peck misses the killer bee. The killer bee stings you.
* * * LOW HITPOINT WARNING * * *
The killer bee closely misses you.
You closely miss the killer bee. You claw the killer bee.
Your peck misses the killer bee.
The killer bee is lightly wounded.
The killer bee barely misses you. The killer bee stings you.
* * * LOW HITPOINT WARNING * * *
The killer bee stings you.
You die...

.). .# #...# #.♣♣♣.#.#
##..# #.).).#..
#..#### ♣g♣
#...####....######
♣)♣♣#.#.......<.......
♣♣.♣#.#########...####
♣♣.♣♣#.# ####...####
♣.)♣♣#y# #.....>....
#.♣♣.♣#@#
####.......... #.
♣♣.#.# #.........[...
# ♣..)###........####.
♣....##........# .
♣♣.....§....÷..#
♣#.###.§§.....# #.#
#..§§D...# #.#
#........# #.#
#........#


You could see a killer bee.

Vanquished Creatures
  2 black bears
  An ogre (D:7)
  A bullfrog (D:7)
  2 scorpions
  A howler monkey (D:7)
  2 hounds
  3 orc priests
  A jelly (D:4)
  2 sleepcaps
  A gnoll bouda (D:5)
  Jessica (D:2)
  Terence (D:3)
  2 iguanas
  5 orc wizards
  7 gnolls
  6 adders
  2 shadow imps
  2 white imps
  An ufetubus (D:5)
  A worm (D:3)
  A dart slug (D:3)
  15 orcs
  4 bats
  8 endoplasms
  2 giant cockroaches
  6 goblins
  9 hobgoblins
  A jackal (D:3)
  3 quokkas
  5 ball pythons
  A frilled lizard (D:1)
  7 kobolds
  9 rats
115 creatures vanquished.

Notes
Turn   | Place    | Note
-------+----------+-------------------------------------------
     0 | D:1      | SacredBeard the Tengu Air Elementalist began the quest for
                  | the Orb.
     0 | D:1      | Reached XP level 1. HP: 10/10 MP: 4/4
   220 | D:1      | Reached skill level 2 in Conjurations
   299 | D:1      | Reached XP level 2. HP: 15/15 MP: 4/6
   548 | D:1      | You fall into a shaft and drop 1 floor!
   763 | D:1      | Found Eha Etos's Book Shop.
  1093 | D:1      | Reached XP level 3. HP: 19/19 MP: 4/7
  1334 | D:1      | Reached skill level 3 in Conjurations
  1663 | D:2      | Noticed Jessica
  1667 | D:2      | Killed Jessica
  1668 | D:2      | Reached XP level 4. HP: 24/24 MP: 3/8
  2523 | D:3      | Reached skill level 4 in Conjurations
  2767 | D:3      | Reached skill level 5 in Air Magic
  3002 | D:3      | Gained mutation: Your magical nature lets you fly swiftly
                  | and evasively. [Tengu growth]
  3002 | D:3      | Reached XP level 5. HP: 28/28 MP: 8/10
  3111 | D:3      | Found a sacrificial altar of Ru.
  3243 | D:3      | Reached skill level 5 in Conjurations
  3345 | D:3      | Noticed Terence
  3351 | D:3      | Killed Terence
  3680 | D:3      | Found a shimmering blue altar of Sif Muna.
  3899 | D:4      | Reached XP level 6. HP: 32/32 MP: 7/11
  4103 | D:4      | Found a basalt altar of Yredelemnul.
  4113 | D:4      | Reached skill level 6 in Conjurations
  4171 | D:4      | Found a glowing silver altar of Zin.
  4457 | D:4      | Found a shadowy altar of Dithmenos.
  4586 | D:5      | Entered Level 5 of the Dungeon
  4604 | D:5      | Learned a level 2 spell: Static Discharge
  4900 | D:5      | Reached XP level 7. HP: 30/36 MP: 4/13
  5072 | D:5      | Reached skill level 7 in Conjurations
  6148 | D:6      | Found a snail-covered altar of Cheibriados.
  6353 | D:6      | Noticed Edmund
  6362 | D:6      | Found a burning altar of Makhleb.
  6461 | D:6      | Found an ornate altar of the Wu Jian Council.
  6637 | D:6      | Found an iron altar of Okawaru.
  7361 | D:6      | Learned a level 3 spell: Swiftness
  7394 | D:7      | Reached skill level 8 in Conjurations
  7426 | D:7      | Reached XP level 8. HP: 41/41 MP: 9/15
  7613 | D:7      | Reached skill level 9 in Conjurations
  7645 | D:7      | Reached skill level 5 in Spellcasting
  7665 | D:7      | Slain by a killer bee

Illustrated notes

Levels and vault maps discovered:
D:1:      minmay_arrival_four_loops, layout_basic, serial_shops, shop,
          hangedman_feature_mirror
D:2:      layout_basic, hangedman_feature_mirror, uniq_jessica
D:3:      minmay_general_purpose_star, layout_loops_cross,
          mainiacjoe_overflow_boulevard, lemuel_coloured_pillars_altar,
          portal_sewer_entry_e, uniq_terence
D:4:      layout_rooms, mainiacjoe_overflow_24_doors,
          mainiacjoe_overflow_large_starburst
D:5:      layout_loops_ring, minmay_misc_feat_cross, fountainhead
D:6:      layout_basic, kennysheep_mini_moat, lemuel_crystal_altar,
          lemuel_round_altar, general_overflow_altar,
          minmay_temple_entry_antechambers, minmay_misc_feat_pillars,
          uniq_edmund
D:7:      nzn_winding_woodlands_medium [nzn_winding_woodlands_5x5_three,
          nzn_winding_woodlands_5x15_eye, nzn_winding_woodlands_5x5_closed_star,
          nzn_winding_woodlands_5x5_default,
          nzn_winding_woodlands_center_pierced_h,
          nzn_winding_woodlands_5x5_open_star,
          nzn_winding_woodlands_5x5_perimeter,
          nzn_winding_woodlands_5x15_crooked,
          nzn_winding_woodlands_5x5_checkerboard], layout_basic, uniq_duvessa

Skill      XL: |  1  2  3  4  5  6  7  8 |
---------------+-------------------------+-----
Conjurations   | 2 3 4 5 6 8 9 |  9.0
Air Magic      | 5 6 7 |  7.8
Spellcasting   | 3 4 5 |  5.0
Dodging        | |  2.1
Stealth        | |  2.0

Action                     |  1- 3 |  4- 6 |  7- 9 || total
---------------------------+-------+-------+-------++-------
  Melee: Dagger            |     3 |     2 |    11 ||    16
         Kick              |     1 |       |     4 ||     5
         Peck              |       |       |     2 ||     2
   Cast: Shock             |    53 |   131 |    95 ||   279
         Static Discharge  |       |     8 |    16 ||    24
    Use: Scroll            |       |       |     6 ||     6
 Armour: Robe              |     2 |     3 |     1 ||     6
  Dodge: Dodged            |     8 |    20 |    41 ||    69
  Block: Buckler           |       |     1 |     5 ||     6
